 Dungeon Crawl Stone Soup version 0.31.0-11-ge490571c62 (webtiles) character file.

Game seed: 8891706026955030232

385917 Arcadio the Slayer (level 22, 0/164 HPs)
             Began as a Gargoyle Gladiator on Feb 1, 2024.
             Was the Champion of Trog.
             Killed by Lee's Rapid Deconstruction
             ... invoked by a deep elf elementalist
              (24 damage)
             ... on level 3 of the Elven Halls.
             The game lasted 02:16:07 (40678 turns).

Arcadio the Slayer (Gargoyle Gladiator)            Turns: 40678, Time: 02:16:08

Health: 0/164      AC: 50    Str: 35    XL:     22   Next: 99%
Magic:  22/22      EV: 16    Int: 10    God:    Trog [******]
Gold:   2842       SH: 26    Dex: 18    Spells: 21/21 levels left

rFire   . . .        G - +9 demon whip (spect)
rCold   x . .        l - +4 tower shield {reflect}
rNeg    + . .        m - +2 plate armour {Will+}
rPois   ∞            c - +2 helmet
rElec   +            P - +2 cloak {Will+}
rCorr   .            Z - +0 pair of gloves of the Curupira {Dex+2}
SInv    .            p - +0 pair of boots "Xehag" {Dex+2 Slay+2}
Will    +++++        K - amulet of regeneration Stlth
                     n - ring of willpower
HPRegen 3.07/turn    T - ring of Joy {rC- Str+6 Slay+4}
MPRegen 0.18/turn

%: reflection
@: strong-willed, on berserk cooldown, flying, regenerating, slowed, studying 2
skills, very slow
A: sickness immunity, AC +16, big wings, negative energy resistance 1,
electricity resistance, torment resistance 1, petrification resistance,
iridescent scales 1, agile 1, regeneration 1, strong 1, noise suppression
}: 2/15 runes: serpentine, barnacled
a: Renounce Religion, Berserk, Trog's Hand, Brothers in Arms


You were on level 3 of the Elven Halls.
You worshipped Trog.
Trog was exalted by your worship.
You visited 8 branches of the dungeon, and saw 39 of its levels.
You also visited: Bailey, Gauntlet and Ice Cave.

You collected 7110 gold pieces.
You spent 4268 gold pieces at shops.

Inventory:

Hand Weapons
 B - a +2 antimagic demon whip
 G - a +9 spectral demon whip (weapon)
Armour
 c - a +2 helmet (worn)
 l - a +4 tower shield of reflection (worn)
 m - a +2 plate armour of willpower (worn)
 o - the +8 orange crystal plate armour {Archmagi, Int+3 Clar}
   (You acquired it on level 3 of the Snake Pit)

   Int+3:     It affects your intelligence (+3).
   Clar:      It protects you from confusion, rage, mesmerisation and fear.
 p - the +0 pair of boots "Xehag" (worn) {Dex+2 Slay+2}
   (You found it on level 2 of the Vaults)

   Dex+2:     It affects your dexterity (+2).
   Slay+2:    It affects your accuracy & damage with ranged weapons and melee
   (+2).
 P - a +2 cloak of willpower (worn)
 U - the +4 scale mail "Motup" {Regen+ rCorr}
   (You took it off a minotaur in a Gauntlet)

   Regen+:    It increases your rate of health regeneration.
   rCorr:     It protects you from acid and corrosion.
 Z - the +0 pair of gloves of the Curupira (worn) {Dex+2}
   (You bought it in a shop on level 15 of the Dungeon)

   Dex+2:     It affects your dexterity (+2).
Jewellery
 n - a ring of willpower (left hand)
 r - a ring of positive energy
 t - a ring of protection from cold
 u - a ring of positive energy
 K - an amulet of regeneration (around neck)
 T - the ring of Joy (right hand) {rC- Str+6 Slay+4}
   (You found it in a Gauntlet)

   [ring of slaying]

   Str+6:     It affects your strength (+6).
   Slay+4:    It affects your accuracy & damage with ranged weapons and melee
   (+4).
   rC-:       It makes you vulnerable to cold.
 V - the ring "Payges" {rF+++ rN+ rCorr AC+4 Str-4}
   (You found it in a Gauntlet)

   [ring of protection]

   AC+4:      It affects your AC (+4).
   Str-4:     It affects your strength (-4).
   rF+++:     It renders you almost immune to fire.
   rN+:       It protects you from negative energy.
   rCorr:     It protects you from acid and corrosion.
Wands
 a - a wand of mindburst (16)
 w - a wand of paralysis (34)
 C - a wand of polymorph (17)
 E - a wand of roots (24)
 R - a wand of quicksilver (5)
 Y - a wand of flame (45)
Scrolls
 d - a scroll of enchant weapon
 e - 2 scrolls of fear
 h - 13 scrolls of teleportation
 k - 5 scrolls of poison
 v - 4 scrolls of silence
 A - a scroll of blinking
 D - 3 scrolls of summoning
 H - 8 scrolls of immolation
 I - 6 scrolls of fog
 X - 8 scrolls of revelation
Potions
 f - 2 potions of enlightenment
 g - 11 potions of haste
 i - 4 potions of resistance
 j - 13 potions of curing
 q - 3 potions of cancellation
 s - 3 potions of ambrosia
 z - 6 potions of lignification
 F - 7 potions of might
 J - 4 potions of attraction
 L - 7 potions of magic
 M - 5 potions of mutation
 N - 4 potions of invisibility
 Q - 7 potions of berserk rage
Miscellaneous
 b - a sack of spiders (inert)
 y - a phantom mirror (inert)
 W - a phial of floods


   Skills:
 + Level 25.1 Fighting
 + Level 21.2(21.3) Maces & Flails
 - Level 3.7(14.4) Staves
 - Level 2.4 Throwing
 - Level 18.6 Armour
 + Level 14.3 Dodging
 + Level 19.0 Shields


You had 21 spell levels left.
You didn't know any spells.
Your spell library contained the following spells:

 Spells                   Type           Power      Damage    Failure   Level
 Slow                     Hex            0%         N/A       91%         1
 Confusing Touch          Hex            0%         N/A       99%         3
 Sigil of Binding         Hex            0%         N/A       99%         3
 Vampiric Draining        Necr           0%         2d6       99%         3


Dungeon Overview and Level Annotations

Branches:
Dungeon (15/15)            Temple (1/1) D:6            Lair (5/5) D:10
 Shoals (4/4) Lair:3        Snake (4/4) Lair:3        Slime (0/5) Lair:5
    Orc (2/2) D:10            Elf (3/3) Orc:2        Vaults (5/5) D:14
  Crypt (0/3) Vaults:2     Depths (0/4) D:15         Bailey (visited)
  IceCv (visited)         Gauntlet (visited)

Altars:
Ashenzari
Cheibriados
Dithmenos
Elyvilon
Fedhas
Gozag
Hepliaklqana
Kikubaaqudgha
Makhleb
Nemelex Xobeh
Okawaru
Qazlal
Ru
Sif Muna
Trog
Uskayaw
Vehumet
Wu Jian
Xom
Yredelemnul
Zin
The Shining One
Jiyva

Shops:
D:6 (   D:7 !   D:10 =   D:15 [   Orc:1 *   Orc:2 *[:?*   Elf:1 *[   Shoals:2 *
Shoals:3 ?   Shoals:4 *   Snake:3 **(:[****[   Vaults:3 :   Vaults:4 *

Portals:
Abyss: Lair:3
Pandemonium: Orc:2

Annotations:
D:4 1 runed translucent door
D:6 1 runed translucent door, heinrich's ghost, novice TrMo
D:8 2 transporters, mohammadb5305's ghost, novice OpRe
D:9 3 runed translucent doors, heinrich's ghost, novice TrMo
Lair:3 2 transporters, exclusion: oklob plant, Loywebes's ghost, journeyman MiFi
Lair:5 2 transporters, Nilihum's ghost, journeyman TrSh
Elf:2 6 transporters
Vaults:5 Sojobo


Innate Abilities, Weirdness & Mutations

You are immune to sickness and miasma.
Your stone body is resilient. (AC +16)
You are immune to poison.
Your large and strong wings let you fly.
You resist negative energy. (rN+)
You are resistant to electric shocks. (rElec)
You are resistant to unholy torment.
You are immune to petrification.
You are partially covered in iridescent scales. (AC +2)
You are agile. (Dex +4, Str/Int -1)
Your natural rate of healing is unusually fast.
Your muscles are strong. (Str +4, Int/Dex -1)
You passively dampen the noise of your surroundings.


Message History

The deep elf zephyrmancer looks frightened!
The deep elf zephyrmancer seems less brilliant.
You block the deep elf sorcerer's attack.
The deep elf zephyrmancer is empowered by the deep elf high priest's aura!
You block the deep elf elementalist's attack.
The deep elf sorcerer hits you but does no damage.
The deep elf zephyrmancer mumbles some strange words.
The deep elf zephyrmancer blinks!
The air elemental attacks as it pursues you!
You block the air elemental's attack. x2
You block the deep elf elementalist's attack.
The deep elf zephyrmancer casts a spell.
The deep elf zephyrmancer blinks!
The deep elf elementalist starts to cry.
You block the deep elf elementalist's attack.
The deep elf sorcerer barely misses you.
The deep elf zephyrmancer gestures wildly while chanting.
The deep elf zephyrmancer blinks!
You block the air elemental's attack.
The deep elf sorcerer wildly gestures.
The deep elf sorcerer shimmers violently.
The deep elf high priest is no longer giving off an aura.
The deep elf elementalist attacks as it pursues you!
The deep elf elementalist hits you but does no damage.
The deep elf elementalist gestures next to you while chanting.
The wall shatters!
The blast of rock fragments hits you but does no damage.
The deep elf high priest mumbles some strange prayers to its god against you.
Something smites you!
The deep elf elementalist gestures next to you while chanting.
The wall shatters!
The blast of rock fragments hits you but does no damage.
The deep elf elementalist points at you and mumbles some strange words.
You shatter!
The deep elf elementalist points at you and mumbles some strange words.
You shatter!!
* * * LOW HITPOINT WARNING * * *
The deep elf elementalist gestures at you while chanting.
You shatter!!
You die...

#...........#
#...........#
###.......###
##..E..## ###e###
#e# #e# #.####
#.@..# ####.# #.#
#.# #.###
###...###
#.......#
#.......##########
#...8...'.........


You could see a deep elf sorcerer (fast, empowered), a deep elf elementalist
(fast, empowered, repels missiles), a deep elf high priest and an air elemental.

Vanquished Creatures
  A dread lich (Vaults:4)
  Bai Suzhen (Vaults:4)
  Saint Roka (Vaults:4)
  Vashnia (Snake:4)
  Jory (Vaults:2)
  Nikola (Shoals:4)
  The ghost of Xaseov the Ruinous, an adept DrCj of Sif Muna (Elf:2)
  A tentacled monstrosity (Vaults:4)
  Rupert (D:14)
  A shard shrike skeleton (Shoals:3)
  Asterion (Snake:2)
  An ancient champion (Vaults:2)
  3 krakens
  2 sphinxes
  3 deep elf blademasters
  A shadow dragon (Vaults:4)
  5 nagarajas
  A storm dragon (D:12)
  Aizul (Snake:2)
  Roxanne (Snake:1)
  A fire giant (Vaults:2)
  Louise (D:14)
  A frost giant (D:12)
  2 deep elf elementalists
  12 vault wardens
  21 ironbound preservers
  2 orc warlords
  3 formless jellyfish
  A very ugly thing (D:12)
  6 ironbound thunderhulks
  Nessos (D:14)
  2 stone giants (Vaults:4)
  3 deep elf demonologists (Elf:3)
  A vampire knight (Vaults:2)
  8 dire elephants
  A minotaur (Gauntlet)
  3 deep elf annihilators
  Snorg (D:14)
  4 ettins
  An entropy weaver (shapeshifter) (D:13)
  5 merfolk javelineers
  8 yaktaur captains
  2 entropy weavers
  2 fire dragons
  A deep elf high priest (Elf:3)
  7 merfolk impalers
  9 vault guards
  12 great orbs of eyes
  6 hydras
  Harold (D:11)
  4 merfolk avatars
  3 catoblepae
  4 salamander tyrants
  12 centaur warriors
  8 two-headed ogres
  5 ironbound frosthearts
  11 anacondas
  An ogre mage (D:14)
  32 dancing weapons
  9 boulder beetles
  2 demonspawn
  2 satyrs
  A death knight (D:13)
  5 merfolk aquamancers (Shoals:4)
  A tengu warrior (D:15)
  7 naga warriors
  An occultist (D:13)
  A hell knight (D:15)
  15 naga sharpshooters
  5 shock serpents
  A sun demon (Orc:2)
  Sonja (D:11)
  A soul eater (Orc:2)
  20 deep elf knights
  13 orc high priests
  2 fire crabs (Lair:4)
  4 skysharks
  A storm dragon skeleton (Vaults:4)
  11 sea snakes
  4 spectral anacondas (Snake:4)
  5 skeletal warriors
  5 salamander mystics
  Pikel (D:8)
  A mana viper (shapeshifter) (Elf:1)
  6 mana vipers
  14 deep elf archers
  15 naga ritualists
  55 deep trolls
  6 arcanists
  24 harpies
  2 phantasmal warriors
  10 lindwurms
  6 anaconda skeletons (Snake:4)
  A necromancer (Vaults:4)
  14 ironbound convokers
  15 orc knights
  28 deep elf pyromancers
  17 deep elf zephyrmancers
  A wolf spider (D:15)
  4 fauns
  A fire giant zombie (Vaults:4)
  27 manticores
  9 orc sorcerers
  6 merfolk sirens
  19 salamanders
  A meliai (shapeshifter) (D:13)
  13 ugly things
  An oklob plant (Lair:5)
  12 cyclopes
  13 elephants
  A black mamba (shapeshifter) (D:13)
  49 black mambas
  3 meliai (D:15)
  A large abomination (Gauntlet)
  4 water nymphs
  4 guardian serpents (Snake:4)
  12 vault sentinels
  3 molten gargoyles (Lair:5)
  An orange demon (Orc:2)
  5 naga magi
  Joseph (Lair:1)
  A gargoyle (D:12)
  20 cane toads
  Maggie (D:7)
  Jeremiah (D:7)
  4 rime drakes
  3 freezing wraiths
  3 kobold demonologists
  16 komodo dragons
  3 unseen horrors
  Psyche (D:8)
  4 tengu conjurers
  6 anaconda simulacra (Snake:4)
  30 yaktaurs
  An efreet (D:14)
  A red devil (Orc:2)
  41 merfolk
  7 trolls
  4 hornets
  A tarantella (shapeshifter) (Vaults:3)
  2 polar bears
  Grinder (D:6)
  A raiju (Gauntlet)
  A dream sheep (shapeshifter) (D:13)
  6 wind drakes
  A wolf spider simulacrum (D:15)
  2 raiju (shapeshifter)
  11 dream sheep
  14 snapping turtles
  18 blink frogs
  5 merfolk skeletons (Shoals:3)
  Sigmund (D:5)
  3 air elementals (Elf:3)
  2 shadows
  38 slime creatures
  6 wraiths
  47 yaks
  A dire elephant simulacrum (IceCv)
  2 fire elementals
  Eustachio (D:5)
  7 wyverns
  11 water elementals
  Grum (D:10)
  A basilisk (shapeshifter) (D:14)
  A redback (Vaults:1)
  7 basilisks
  3 wargs
  5 steam dragons
  9 vampire mosquitoes
  Menkaure (D:5)
  36 nagas
  5 small abominations (Gauntlet)
  2 acid dragons
  Duvessa (D:5)
  2 hell hounds (Lair:5)
  24 water moccasins
  43 orc warriors
  A sky beast (D:8)
  A deep troll simulacrum (Vaults:4)
  2 laughing skulls
  8 black bears
  9 ogres
  9 boggarts
  4 snapping turtle skeletons (Shoals:3)
  18 wolves
  2 phantoms
  11 centaurs
  6 kobold brigands
  The ghost of 7tar4e the Changeling, an amateur SpSh of Elyvilon (D:4)
  8 bullfrogs
  3 gnoll sergeants
  3 cane toad simulacra (IceCv)
  A brain worm (shapeshifter) (D:15)
  A two-headed ogre simulacrum (D:11)
  5 scorpions
  Dowan (D:5)
  4 killer bees (D:11)
  7 howler monkeys
  A bombardier beetle (D:7)
  5 lava snakes (Lair:5)
  38 orc priests
  2 hounds
  A sleepcap (D:6)
  Crazy Yiuf (D:3)
  5 jellies
  A gnoll bouda (D:6)
  2 iguanas (D:5)
  2 spriggan simulacra (D:11)
  7 hell rats (Lair:1)
  32 orc wizards
  A wolf simulacrum (IceCv)
  22 gnolls
  8 adders
  9 river rats (Lair:1)
  2 shadow imps (D:6)
  A white imp (D:5)
  3 dart slugs
  3 ribbon worms
  110 orcs
  9 ball pythons
  6 bats
  9 endoplasms
  3 giant cockroaches
  9 goblins
  7 hobgoblins
  4 jackals (D:1)
  12 kobolds
  9 quokkas
  5 frilled lizards
  22 rats
  A spectral goblin (D:10)
  4 tentacles
1691 creatures vanquished.

Vanquished Creatures (collateral kills)
  A dancing weapon (Elf:2)
1 creature vanquished.

Vanquished Creatures (others)
  A deep elf pyromancer (Elf:1)
  A harpy (Shoals:4)
  A hell hound (Lair:5)
  An orc wizard (D:12)
  55 spectral weapons
  14 tentacles
73 creatures vanquished.

Grand Total: 1765 creatures vanquished

Notes
Turn   | Place    | Note
-------+----------+-------------------------------------------
     0 | D:1      | Arcadio the Gargoyle Gladiator began the quest for the Orb.
     0 | D:1      | Reached XP level 1. HP: 12/12 MP: 1/1
    23 | D:1      | Reached XP level 2. HP: 18/18 MP: 2/2
   306 | D:1      | Reached XP level 3. HP: 18/22 MP: 3/3
  1399 | D:3      | Reached skill level 3 in Fighting
  1399 | D:3      | Reached XP level 4. HP: 23/28 MP: 4/4
  1758 | D:3      | Reached skill level 1 in Armour
  1974 | D:3      | Reached XP level 5. HP: 32/32 MP: 5/5
  2052 | D:3      | Found a runed translucent door.
  2053 | D:3      | Noticed Crazy Yiuf
  2190 | D:3      | Killed Crazy Yiuf
  2191 | D:3      | Reached skill level 1 in Maces & Flails
  2327 | D:4      | Reached skill level 4 in Fighting
  2466 | D:4      | Found a burning altar of Makhleb.
  2470 | D:4      | Reached XP level 6. HP: 35/38 MP: 6/6
  2669 | D:4      | Found a runed translucent door.
  2669 | D:4      | Noticed 7tar4e's ghost (amateur SpSh)
  2680 | D:4      | Killed 7tar4e's ghost
  2696 | D:4      | Found a runed translucent door.
  2707 | D:4      | Identified the +2 whip "Killer Bee's Bane" {spect, +Blink
                  | Str+4 Dex+3}
  2961 | D:5      | Entered Level 5 of the Dungeon
  2961 | D:5      | Noticed Duvessa
  2961 | D:5      | Noticed Dowan
  3019 | D:5      | Killed Duvessa
  3020 | D:5      | Reached XP level 7. HP: 34/44 MP: 7/7
  3029 | D:5      | Killed Dowan
  3151 | D:5      | Reached skill level 5 in Fighting
  3225 | D:5      | Noticed Sigmund
  3249 | D:5      | Killed Sigmund
  3371 | D:5      | Noticed Eustachio
  3429 | D:5      | Killed Eustachio
  3430 | D:5      | Reached XP level 8. HP: 43/51 MP: 8/8
  3511 | D:5      | Noticed Menkaure
  3523 | D:5      | Killed Menkaure
  3524 | D:5      | Reached skill level 6 in Fighting
  3524 | D:5      | Reached skill level 5 in Armour
  3552 | D:6      | Found an iron altar of Okawaru.
  3713 | D:6      | Noticed Grinder
  3731 | D:6      | Found a staircase to the Ecumenical Temple.
  3742 | D:6      | Killed Grinder
  3759 | D:6      | Reached skill level 5 in Maces & Flails
  3764 | Temple   | Entered the Ecumenical Temple
  3776 | Temple   | Became a worshipper of Trog the Wrathful
  3873 | D:5      | Reached skill level 7 in Fighting
  3979 | D:5      | Found an ornate altar of the Wu Jian Council.
  4606 | D:6      | Reached XP level 9. HP: 57/57 MP: 9/9
  4762 | D:6      | Reached * piety under Trog
  4915 | D:6      | Noticed heinrich's ghost (novice TrMo)
  4918 | D:6      | Found a runed translucent door.
  4955 | D:6      | Found Zeixzuss's Antique Weapon Emporium.
  5401 | D:7      | Noticed Jeremiah
  5645 | D:7      | Killed Jeremiah
  5646 | D:7      | Reached skill level 8 in Fighting
  5996 | D:7      | Found Nigexu's Distillery.
  6003 | D:7      | Bought 2 potions of heal wounds for 140 gold pieces
  6003 | D:7      | Bought a potion of curing for 42 gold pieces
  6003 | D:7      | Bought a potion of heal wounds for 70 gold pieces
  6003 | D:7      | Bought a potion of curing for 42 gold pieces
  6192 | D:7      | Found a broken altar of Ashenzari.
  6283 | D:7      | Noticed Maggie
  6290 | D:7      | Paralysed by Maggie for 5 turns
  6315 | D:7      | Killed Maggie
  6315 | D:7      | Reached ** piety under Trog
  6711 | D:7      | Noticed a hornet
  6717 | D:7      | Killed a hornet
  6718 | D:7      | Reached skill level 9 in Fighting
  6718 | D:7      | Reached XP level 10. HP: 66/66 MP: 10/10
  6928 | D:7      | Found a sparkling altar of Nemelex Xobeh.
  7145 | D:8      | Noticed Psyche
  7153 | D:8      | Killed Psyche
  7209 | D:8      | Noticed mohammadb5305's ghost (novice OpRe)
  7210 | D:8      | Found a transporter.
  7215 | D:8      | Found a transporter.
  7330 | D:8      | Found a flagged portal.
  7342 | Bailey   | Entered a bailey
  7513 | Bailey   | Noticed an orc knight
  7531 | Bailey   | Killed an orc knight
  7802 | D:8      | Found a snail-covered altar of Cheibriados.
  7824 | D:8      | Noticed Pikel
  7844 | D:8      | Killed Pikel
  7845 | D:8      | Reached skill level 10 in Fighting
  7903 | D:8      | Found a glowing silver altar of Zin.
  8268 | D:9      | Found a blossoming altar of Fedhas.
  8269 | D:9      | Found a sacrificial altar of Ru.
  8307 | D:9      | Found a runed translucent gate.
  8307 | D:9      | Found a runed translucent gate.
  8307 | D:9      | Found a runed translucent gate.
  8525 | D:9      | Noticed a two-headed ogre
  8532 | D:9      | Killed a two-headed ogre
  8533 | D:9      | Reached skill level 10 in Armour
  8533 | D:9      | Reached XP level 11. HP: 73/73 MP: 11/11
  8625 | D:9      | Noticed heinrich's ghost (novice TrMo)
  8736 | D:10     | Entered Level 10 of the Dungeon
  8819 | D:10     | Reached skill level 11 in Fighting
  9046 | D:10     | Found a staircase to the Orcish Mines.
  9133 | D:10     | Found a staircase to the Lair.
  9181 | D:10     | Reached *** piety under Trog
  9242 | D:10     | Noticed a two-headed ogre
  9250 | D:10     | Killed a two-headed ogre
  9350 | D:10     | Reached skill level 10 in Maces & Flails
  9452 | D:10     | Found a hazy altar of Hepliaklqana.
  9527 | D:10     | Noticed a two-headed ogre
  9534 | D:10     | Killed a two-headed ogre
  9540 | D:10     | Found Oreigger's Jewellery Shoppe.
  9892 | D:11     | Found a frozen archway.
  9908 | D:11     | Reached skill level 12 in Fighting
  9918 | IceCv    | Entered an ice cave
  9918 | IceCv    | Noticed a white ugly thing
  9931 | IceCv    | Killed a white ugly thing
  9940 | IceCv    | Found a transporter.
  9944 | IceCv    | Noticed a white ugly thing
  9947 | IceCv    | Found a transporter.
 10037 | D:11     | Noticed a cyclops
 10050 | D:11     | Killed a cyclops
 10051 | D:11     | Reached XP level 12. HP: 8/81 MP: 12/12
 10134 | D:11     | Noticed Harold
 10148 | D:11     | Killed Harold
 10158 | D:11     | Found a gate leading to a gauntlet.
 10167 | Gauntlet | Entered a Gauntlet
 10167 | Gauntlet | Found a transporter.
 10167 | Gauntlet | Found a transporter.
 10172 | Gauntlet | Found a transporter.
 10187 | Gauntlet | Found a transporter.
 10187 | Gauntlet | Found a transporter.
 10193 | Gauntlet | Noticed a death scarab
 10194 | Gauntlet | Noticed a death scarab
 10256 | Gauntlet | Found a transporter.
 10258 | Gauntlet | Noticed a dire elephant
 10300 | Gauntlet | Found a transporter.
 10312 | Gauntlet | Killed a dire elephant
 10335 | Gauntlet | Identified the ring of Joy {rC- Str+6 Slay+4}
 10351 | Gauntlet | Found a transporter.
 10353 | Gauntlet | Found a transporter.
 10548 | Gauntlet | Found a transporter.
 10558 | Gauntlet | Found a transporter.
 10643 | Gauntlet | Identified the +4 scale mail "Motup" {Regen+ rCorr}
 10643 | Gauntlet | Noticed a minotaur
 10661 | Gauntlet | Killed a minotaur
 10662 | Gauntlet | Reached skill level 13 in Fighting
 10674 | Gauntlet | Identified the staff "Qeani" {rElec rF++ Air}
 10674 | Gauntlet | Identified the ring "Payges" {rF+++ rN+ rCorr AC+4 Str-4}
 10845 | D:11     | Noticed Sonja
 10850 | D:11     | Killed Sonja
 11385 | D:12     | HP: 4/84 [freezing wraith (18)]
 11401 | D:12     | HP: 2/84 [freezing wraith (10)]
 11540 | D:12     | Noticed a boulder beetle
 11548 | D:12     | Killed a boulder beetle
 11549 | D:12     | Reached XP level 13. HP: 89/89 MP: 13/13
 11886 | D:12     | Reached skill level 14 in Fighting
 11938 | D:12     | Reached **** piety under Trog
 12148 | D:12     | Noticed a cyan very ugly thing
 12233 | D:12     | Killed a purple very ugly thing
 12290 | Lair:1   | Entered Level 1 of the Lair of Beasts
 12290 | Lair:1   | Noticed Grum
 12298 | D:10     | Killed Grum
 12745 | Lair:1   | Noticed Joseph
 12750 | Lair:1   | Reached skill level 1 in Shields
 12761 | Lair:1   | Killed Joseph
 12892 | Lair:1   | Reached ***** piety under Trog
 13340 | Lair:2   | Received a gift from Trog
 13402 | Lair:2   | Reached skill level 15 in Fighting
 13493 | Lair:2   | Gained mutation: Your large and strong wings let you fly.
                  | [Gargoyle growth]
 13493 | Lair:2   | Reached XP level 14. HP: 79/98 MP: 14/14
 14514 | Lair:3   | Found a staircase to the Shoals.
 14727 | Lair:3   | Found a staircase to the Snake Pit.
 14873 | Lair:3   | Reached skill level 15 in Armour
 14881 | Lair:3   | Reached skill level 5 in Shields
 14971 | Lair:3   | Found a transporter.
 15065 | Lair:3   | Found a one-way gate to the infinite horrors of the Abyss.
 15065 | Lair:3   | Noticed Loywebes's ghost (journeyman MiFi)
 15162 | Lair:3   | Found a transporter.
 16295 | Lair:4   | Reached skill level 16 in Fighting
 16461 | Lair:5   | Entered Level 5 of the Lair of Beasts
 16489 | Lair:5   | Identified the +0 shortbow of Joreth {drain, *Corrode rPois
                  | Will+++}
 16552 | Lair:5   | Reached XP level 15. HP: 104/104 MP: 15/15
 16762 | Lair:5   | Identified the +10 falchion "Huqoteck" {holy, *Slow rElec
                  | rPois rCorr}
 17078 | Lair:5   | Found a large runed translucent door.
 17078 | Lair:5   | Found a large runed translucent door.
 17549 | Lair:5   | Found a transporter.
 17559 | Lair:5   | Noticed Nilihum's ghost (journeyman TrSh)
 17587 | Lair:5   | Found a bloodstained altar of Trog.
 17638 | Lair:5   | Found a transporter.
 17671 | Lair:5   | Found a viscous altar of Jiyva.
 17672 | Lair:5   | Found a staircase to the Slime Pits.
 17716 | Lair:5   | Received a gift from Trog
 18324 | Orc:1    | Entered Level 1 of the Orcish Mines
 18428 | Orc:1    | Found Kegudan's Overcharged Wands.
 18591 | Orc:1    | Found a transporter.
 18797 | Orc:1    | Found a transporter.
 18806 | Orc:2    | Entered Level 2 of the Orcish Mines
 19180 | Orc:2    | Reached skill level 15 in Maces & Flails
 19255 | Orc:2    | Found a staircase to the Elven Halls.
 19325 | Orc:2    | Found Guusil's General Store.
 19421 | Orc:2    | Found Vaschip's Magic Scroll Emporium.
 19422 | Orc:2    | Found Picwass's General Store.
 19536 | Orc:2    | Reached ****** piety under Trog
 19544 | Orc:2    | Bought a scroll of identify for 30 gold pieces
 19544 | Orc:2    | Bought a scroll of identify for 30 gold pieces
 19544 | Orc:2    | Bought a scroll of identify for 30 gold pieces
 19549 | Orc:2    | Bought a scroll of revelation for 120 gold pieces
 19740 | Orc:2    | Gained mutation: Your body sometimes deteriorates upon
                  | taking damage. [a neqoxec]
 19902 | Orc:1    | Reached skill level 17 in Fighting
 19929 | Orc:2    | Gained mutation: Your spells are a little easier to cast,
                  | but a little less powerful. [a neqoxec]
 19934 | Orc:2    | Received a gift from Trog
 20012 | Orc:2    | Reached XP level 16. HP: 112/112 MP: 16/16
 20019 | Orc:2    | Found Tone's Book Shop.
 20019 | Orc:2    | Found a one-way gate leading to the halls of Pandemonium.
 20019 | Orc:2    | Found Arinuom's Antique Armour Boutique.
 20071 | Orc:2    | Bought a potion of mutation for 128 gold pieces
 20091 | Orc:2    | Bought a scroll of silence for 142 gold pieces
 20091 | Orc:2    | Bought a scroll of teleportation for 45 gold pieces
 20321 | Orc:1    | Identified the +6 flail of Nokacaoj {venom, rC+ Int+2}
 20657 | D:12     | Noticed a storm dragon
 20670 | D:12     | Killed a storm dragon
 20905 | D:13     | Reached skill level 10 in Shields
 21253 | D:13     | Identified the +7 shortbow of Optimality {speed, rElec rC+
                  | Int+2 Stlth-}
 21293 | D:13     | Identified the amulet "Fyoneimp" {Faith rElec Str+3}
 21333 | D:13     | Received a gift from Trog
 21865 | D:14     | Noticed Snorg
 21882 | D:14     | Killed Snorg
 21888 | D:14     | Noticed Louise
 21907 | D:14     | Noticed Rupert
 22025 | D:14     | Killed Rupert
 22234 | D:14     | Killed Louise
 22313 | D:14     | Noticed Nessos
 22336 | D:14     | Reached skill level 18 in Fighting
 22342 | D:14     | Killed Nessos
 22374 | D:14     | Found a gate to the Vaults.
 22541 | D:15     | Entered Level 15 of the Dungeon
 22555 | D:15     | Received a gift from Trog
 22578 | D:15     | Reached XP level 17. HP: 82/119 MP: 5/17
 22731 | D:15     | Found a staircase to the Depths.
 22870 | D:15     | Found Loakk's Antique Armour Shoppe.
 22895 | D:15     | Bought a pair of brightly glowing gloves for 332 gold
                  | pieces
 22895 | D:15     | Identified the +0 pair of gloves of the Curupira {Dex+2}
                  | (You bought it in a shop on level 15 of the Dungeon)
 23541 | Snake:1  | Entered Level 1 of the Snake Pit
 23542 | Snake:1  | Noticed Roxanne
 23573 | Snake:1  | Killed Roxanne
 24848 | Snake:2  | Identified the serpent talisman of the Burning Hot Ocelot
                  | {rElec Str+3}
 24848 | Snake:2  | Noticed Aizul
 24866 | Snake:2  | Killed Aizul
 24986 | Snake:2  | Found a shimmering altar of Xom.
 25075 | Snake:2  | Noticed Asterion
 25096 | Snake:2  | Killed Asterion
 25131 | Snake:2  | Identified the +10 longbow of Dodeh {freeze, rElec Str+3}
 25531 | Snake:2  | Reached skill level 19 in Fighting
 25675 | Snake:3  | Found Luuhex's Antique Armour Emporium.
 25711 | Snake:3  | Reached XP level 18. HP: 115/128 MP: 6/18
 25720 | Snake:3  | Identified 3 scrolls of acquirement
 25724 | Snake:3  | Acquired a manual of Dodging
 25728 | Snake:3  | Acquired a manual of Fighting
 25732 | Snake:3  | Acquired 727 gold pieces
 25756 | Snake:3  | Found the +8 Wrath of Trog {antimagic, *Rage Rampage}
 25821 | Snake:3  | Found an iron altar of Okawaru.
 25854 | Snake:3  | Received a gift from Trog
 25902 | Snake:3  | Found Coruhumn's Armour Shop.
 25904 | Snake:3  | Found Cahucwun's General Store.
 25907 | Snake:3  | Found Tatiac's General Store.
 25912 | Snake:3  | Bought a scroll of identify for 30 gold pieces
 25912 | Snake:3  | Bought a scroll of fog for 60 gold pieces
 25918 | Snake:3  | Bought a scroll of teleportation for 39 gold pieces
 25918 | Snake:3  | Bought a scroll of enchant armour for 97 gold pieces
 25924 | Snake:3  | Found Uriuhah's Book Emporium.
 25924 | Snake:3  | Noticed a walking frostbound tome
 25927 | Snake:3  | Noticed a walking divine tome
 26390 | Snake:3  | Found Teudgh's Specific Store.
 26393 | Snake:3  | Found Sanoewink's General Store.
 26415 | Snake:3  | Bought a scroll of fog for 80 gold pieces
 26415 | Snake:3  | Bought a scroll of acquirement for 1040 gold pieces
 26415 | Snake:3  | Bought a scroll of enchant weapon for 150 gold pieces
 26415 | Snake:3  | Bought a potion of curing for 60 gold pieces
 26415 | Snake:3  | Bought a scroll of teleportation for 60 gold pieces
 26416 | Snake:3  | Acquired the +8 orange crystal plate armour {Archmagi,
                  | Int+3 Clar}
 26416 | Snake:3  | Found the +8 orange crystal plate armour {Archmagi, Int+3
                  | Clar}
 26465 | Snake:3  | Found Nub Bapt's Antique Weapon Shoppe.
 26619 | Snake:3  | Reached skill level 5 in Dodging
 26680 | Snake:3  | Found Katyqa Ykyhe's Assorted Antiques.
 26681 | Snake:3  | Found Plog's General Store.
 26786 | Snake:3  | Bought a scroll of fog for 152 gold pieces
 26788 | Snake:3  | Bought 2 potions of might for 96 gold pieces
 26788 | Snake:3  | Bought 2 potions of ambrosia for 192 gold pieces
 26788 | Snake:3  | Bought a potion of resistance for 120 gold pieces
 26906 | Snake:4  | Entered Level 4 of the Snake Pit
 26969 | Snake:4  | Received a gift from Trog
 27004 | Snake:4  | Noticed Vashnia
 27130 | Snake:4  | Killed Vashnia
 27227 | Snake:4  | Reached skill level 20 in Fighting
 27313 | Snake:4  | Got a serpentine rune of Zot
 27392 | Snake:4  | Received a gift from Trog
 28207 | Shoals:1 | Entered Level 1 of the Shoals
 28622 | Shoals:1 | Identified the +4 bardiche of Demand {heavy, ^Contam Str+8}
 29288 | Shoals:2 | Reached XP level 19. HP: 130/136 MP: 19/19
 29362 | Shoals:2 | Received a gift from Trog
 29401 | Shoals:2 | Found Usoa's Assorted Antiques.
 29409 | Shoals:2 | Bought a scroll of fog for 88 gold pieces
 29409 | Shoals:2 | Bought a scroll of identify for 44 gold pieces
 29409 | Shoals:2 | Bought a scroll of teleportation for 66 gold pieces
 29409 | Shoals:2 | Bought a potion of resistance for 220 gold pieces
 29986 | Shoals:3 | Reached skill level 21 in Fighting
 30146 | Shoals:3 | Found Dyschaumm's Magic Scroll Boutique.
 30161 | Shoals:3 | Bought a scroll of summoning for 142 gold pieces
 30862 | Shoals:4 | Entered Level 4 of the Shoals
 30912 | Shoals:4 | Received a gift from Trog
 31104 | Shoals:4 | Reached skill level 15 in Shields
 31402 | Shoals:4 | Reached skill level 10 in Dodging
 31430 | Shoals:4 | Received a gift from Trog
 31431 | Shoals:4 | Reached skill level 22 in Fighting
 31514 | Shoals:4 | Got a barnacled rune of Zot
 31541 | Shoals:4 | Noticed Nikola
 31559 | Shoals:4 | Killed Nikola
 31720 | Shoals:4 | Acquired 676 gold pieces
 31753 | Shoals:4 | Found Moix Wou's Gadget Gallery.
 32373 | Vaults:1 | Entered Level 1 of the Vaults
 32384 | Vaults:1 | Identified the +2 hand axe of Honour {heavy, rF+ Dex+3}
 32504 | Vaults:1 | Reached XP level 20. HP: 145/145 MP: 20/20
 32607 | Vaults:1 | Received a gift from Trog
 33700 | Vaults:2 | Noticed Jory
 33733 | Vaults:2 | Killed Jory
 33740 | Vaults:2 | Reached skill level 23 in Fighting
 33763 | Vaults:2 | HP: 5/148 [ancient champion/+3 great sword of flaming (9)]
 33903 | Vaults:2 | Received a gift from Trog
 34028 | Vaults:2 | Identified the +5 sling of the Throat {heavy, rC+ rN+}
 34298 | Vaults:2 | Found a staircase to the Crypt.
 34350 | Vaults:2 | Lost mutation: Your body sometimes deteriorates upon taking
                  | damage. [potion of mutation]
 34350 | Vaults:2 | Lost mutation: Your spells are a little easier to cast, but
                  | a little less powerful. [potion of mutation]
 34350 | Vaults:2 | Gained mutation: You are occasionally teleported next to
                  | monsters. [potion of mutation]
 34350 | Vaults:2 | Gained mutation: Armour fits poorly on your strangely
                  | shaped body. [potion of mutation]
 34350 | Vaults:2 | Gained mutation: You are agile. (Dex +4, Str/Int -1)
                  | [potion of mutation]
 34350 | Vaults:2 | Gained mutation: You possess an exceptional clarity of
                  | mind. [potion of mutation]
 34351 | Vaults:2 | Lost mutation: You possess an exceptional clarity of mind.
                  | [potion of mutation]
 34351 | Vaults:2 | Lost mutation: You are occasionally teleported next to
                  | monsters. [potion of mutation]
 34351 | Vaults:2 | Lost mutation: Armour fits poorly on your strangely shaped
                  | body. [potion of mutation]
 34351 | Vaults:2 | Gained mutation: Your natural rate of healing is unusually
                  | fast. [potion of mutation]
 34351 | Vaults:2 | Gained mutation: Your muscles are strong. (Str +4, Int/Dex
                  | -1) [potion of mutation]
 34351 | Vaults:2 | Gained mutation: You passively dampen the noise of your
                  | surroundings. [potion of mutation]
 34351 | Vaults:2 | Gained mutation: You are partially covered in iridescent
                  | scales. (AC +2) [potion of mutation]
 34397 | Vaults:2 | Identified the +0 pair of boots "Xehag" {Dex+2 Slay+2}
 34563 | Vaults:2 | Received a gift from Trog
 34669 | Vaults:2 | Reached XP level 21. HP: 128/154 MP: 21/21
 36099 | Vaults:3 | Received a gift from Trog
 36115 | Vaults:3 | Found Imeud's Book Boutique.
 36244 | Vaults:3 | Identified the +12 arbalest "Gunigh" {freeze, *Corrode rC+
                  | MP+9 Int+3}
 36460 | Vaults:4 | Noticed Bai Suzhen
 36472 | Vaults:4 | Killed Bai Suzhen
 36473 | Vaults:4 | Reached skill level 24 in Fighting
 37080 | Vaults:4 | Acquired 1217 gold pieces
 37090 | Vaults:4 | Received a gift from Trog
 37255 | Vaults:4 | Noticed a dread lich
 37286 | Vaults:4 | Killed a dread lich
 37408 | Vaults:4 | Noticed Saint Roka
 37440 | Vaults:4 | Killed Saint Roka
 37492 | Vaults:4 | Reached XP level 22. HP: 100/163 MP: 22/22
 37776 | Vaults:4 | Found Qotzarr's General Store.
 37791 | Vaults:4 | Bought a potion of curing for 51 gold pieces
 37930 | Vaults:5 | Entered Level 5 of the Vaults
 37930 | Vaults:5 | Noticed Sojobo
 37931 | Vaults:5 | Noticed a golden dragon
 38363 | Elf:1    | Entered Level 1 of the Elven Halls
 38502 | Elf:1    | Found a huge runed translucent gate.
 38502 | Elf:1    | Found a huge runed translucent gate.
 38503 | Elf:1    | Found a huge runed translucent gate.
 38503 | Elf:1    | Found a huge runed translucent gate.
 38507 | Elf:1    | Found a huge runed translucent gate.
 38507 | Elf:1    | Found a huge runed translucent gate.
 38507 | Elf:1    | Found a huge runed translucent gate.
 38507 | Elf:1    | Found a huge runed translucent gate.
 38507 | Elf:1    | Found a huge runed translucent gate.
 38507 | Elf:1    | Found a huge runed translucent gate.
 38507 | Elf:1    | Found a huge runed translucent gate.
 38507 | Elf:1    | Found a huge runed translucent gate.
 38509 | Elf:1    | Found a huge runed translucent gate.
 38509 | Elf:1    | Found a huge runed translucent gate.
 38509 | Elf:1    | Found a huge runed translucent gate.
 38509 | Elf:1    | Found a huge runed translucent gate.
 38509 | Elf:1    | Found a huge runed translucent gate.
 38509 | Elf:1    | Found a huge runed translucent gate.
 38510 | Elf:1    | Found a huge runed translucent gate.
 38510 | Elf:1    | Found a huge runed translucent gate.
 38607 | Elf:1    | Found Yjokunwi's Antique Armour Emporium.
 38711 | Elf:1    | Received a gift from Trog
 38915 | Elf:1    | Found Syisoge's Assorted Antiques.
 38923 | Elf:1    | Bought a scroll of revelation for 330 gold pieces
 39385 | Elf:2    | Found a transporter.
 39436 | Elf:2    | Found a transporter.
 39470 | Elf:2    | Found a runed translucent gate.
 39471 | Elf:2    | Found a runed translucent gate.
 39471 | Elf:2    | Found a runed translucent gate.
 39533 | Elf:2    | Received a gift from Trog
 39632 | Elf:2    | Found a runed translucent door.
 39632 | Elf:2    | Noticed Xaseov's ghost (adept DrCj)
 39747 | Elf:2    | Found a transporter.
 39748 | Elf:2    | Found a transporter.
 39824 | Elf:2    | Found a transporter.
 39826 | Elf:2    | Found a transporter.
 40099 | Elf:2    | Received a gift from Trog
 40328 | Elf:2    | Killed Xaseov's ghost
 40329 | Elf:2    | Reached skill level 25 in Fighting
 40356 | Elf:3    | Entered Level 3 of the Elven Halls
 40493 | Elf:3    | Paralysed by an air elemental for 1 turns
 40636 | Elf:3    | Paralysed by an air elemental for 1 turns
 40650 | Elf:3    | Received a gift from Trog
 40663 | Elf:3    | Paralysed by an air elemental for 1 turns
 40666 | Elf:3    | Paralysed by an air elemental for 1 turns
 40678 | Elf:3    | Killed from afar by a deep elf elementalist

Illustrated notes

Levels and vault maps discovered:
D:1:      evilmike_arrival_plus, layout_rooms
D:2:      layout_loops_corners, minmay_tromino_v2
D:3:      minmay_diamond_boxcup, layout_basic, dreamdust_princess_bridge,
          nrook_mini_vaults, uniq_crazy_yiuf_cottage
D:4:      layout_loops_cross, makhleb_heckhound_becter, ebering_ghost_sewer_f
D:5:      layout_cave_pods, kennysheep_mini, st_stairs_5, uniq_duvessa,
          uniq_menkaure, uniq_sigmund, uniq_eustachio
D:6:      layout_basic, okawaru_gym_becter, minmay_temple_entry_butterflies,
          serial_shops, nicolae_take_the_stairs, hellmonk_ghost_happy_afterlife,
          uniq_grinder
D:7:      layout_loops_ring, nemelex_xobeh_ov_fountains_minmay,
          evilmike_ruin_ashenzari, serial_shops, nicolae_shop_stone,
          uniq_maggie, uniq_jeremiah
D:8:      layout_basic, slow_altar_2, zin_scriptorium, gammafunk_ghost_hive,
          enter_bailey_6, uniq_psyche, uniq_pikel
D:9:      layout_cave_pools, nicolae_overflow_squiral, ebering_ghost_rock_garden
D:10:     layout_gridville, nicolae_hepliaklqana_monster_ancestors,
          david_lair_generic, david_orc_4, serial_shops,
          nicolae_shop_gaudy_bauble
D:11:     layout_small_grid, portal_ice_cave_entry_ice_simulacra,
          gauntlet_entry_generic, minmay_tree_intersection,
          dreamdust_wishing_well, uniq_sonja, uniq_harold
D:12:     minmay_nested_s, layout_cross
D:13:     minmay_the_grid_octo_triangle [minmay_the_grid_octo_empty,
          minmay_the_grid_octo_prize_ultimate_mussel_roller,
          minmay_the_grid_octo_teeth], layout_cave_pools
D:14:     layout_basic, hangedman_vaults_entry_quadrant_bands,
          infiniplex_staircase_river, uniq_nessos, uniq_rupert, uniq_louise,
          uniq_snorg
D:15:     hangedman_depths_entry_civil_slaughter, layout_cave_pools,
          serial_library_hellmonk_semicircle, serial_shops,
          nicolae_shop_just_a_little_nook
Temple:   nicolae_temple_hex_pool
Lair:1:   lemuel_ratsnest, layout_chaotic_city, uniq_grum, uniq_joseph
Lair:2:   layout_roguey, beast_lair_carwin_9
Lair:3:   layout_regular_city, nicolae_shoals_entry_flooding,
          minmay_snake_entry_six_corridors, gammafunk_ghost_abyssal_escape
Lair:4:   layout_small_grid, nzn_random_ring
Lair:5:   cheibrodos_lair_end_hotspot, layout_layer_cave,
          nicolae_slime_entry_slimehenge, gammafunk_ghost_wrathful_warriors,
          minmay_lair_oklob_bushes
Shoals:1: layout_shoals, nicolae_shoals_lost_giant_hut
Shoals:2: layout_shoals, serial_shops, shop
Shoals:3: layout_shoals, serial_shops, shop_scrolls,
          beargit_guarded_unrand_captain_cutlass
Shoals:4: shoals_end_hangedman, layout_shoals, nicolae_shop_gadgets, uniq_nikola
Snake:1:  nicolae_snake_nest, layout_chambers, uniq_roxanne
Snake:2:  layout_gridlike, basic_altar, serial_bayou_pond_e,
          nicolae_snake_naga_rites, lemuel_fruit_tree, uniq_asterion, uniq_aizul
Snake:3:  layout_gridlike, basic_altar, serial_shops, shop, shop,
          nicolae_shop_crystal, nicolae_shop_mannequins, shop,
          nicolae_specific_store, minmay_shop_star
Snake:4:  johnstein_snake_rune_scales, layout_onion_interference,
          nicolae_snake_dead_anacondas, uniq_vashnia
Orc:1:    gammafunk_beogh_shrine, layout_caves, nicolae_shop_overcharged_wands
Orc:2:    pf_orc_diabolical, layout_caves, serial_shops, shop
Elf:1:    layout_loops_corners, serial_shops, nicolae_shop_hallway_stairs,
          nicolae_shop_competitors_out_of_business, hangedman_elf_represent
Elf:2:    nicolae_elf_blades_crystal_corner, layout_geoelf_grid,
          gammafunk_ghost_grave, serial_nicolae_subway,
          nicolae_sub_station_crystal, nicolae_sub_station_stone,
          nicolae_sub_station_metal
Elf:3:    minmay_elf_hall_hex, layout_geoelf_diagonals
Vaults:1: nicolae_vaults_sesquioval_fish, v_misc_27, vaults_room_door_ring,
          nicolae_vaults_spaceships, nicolae_vaults_offset_grid_hallway_3,
          v_misc_10, nicolae_vaults_network_s, hangedman_vaults_impose,
          nicolae_vaults_little_squares_1, ontoclasm_vaults_fault, v_misc_8,
          nicolae_vaults_variable_pillar_hall, nicolae_vaults_storage_closets_3,
          layout_vaults_maze
Vaults:2: nicolae_vaults_shrinking_rooms_1, v_rooms_3,
          nicolae_vaults_sightless_eye, nicolae_vaults_lightning_bolt,
          hangedman_vaults_locks, nicolae_vaults_closet_pinwheel_5,
          vaults_room_semicircle, minmay_crypt_entry_simple_plaza, v_misc_27,
          nicolae_vaults_security_offices_4, layout_vaults_ring, uniq_jory
Vaults:3: nicolae_vaults_little_squares_3, nicolae_vaults_border_crossing,
          ontoclasm_vaults_gateway, nicolae_vaults_yaktaur_gun_rack,
          vaults_mumra_lcd, vaults_dpeg_hooks, vaults_mumra_minichess,
          ontoclasm_vaults_eye, nicolae_vaults_ring_of_whatevers,
          layout_vaults_quadrants, serial_shops, shop
Vaults:4: nicolae_vaults_two_Ls, nicolae_vaults_network_star,
          nicolae_vaults_thirteen_compartments, nicolae_vaults_hallways_thing,
          ontoclasm_vaults_decontamination, hangedman_vaults_stretched_pinwheel,
          ontoclasm_vaults_spin, nicolae_vaults_tetromino_T_2,
          hangedman_vaults_trim, grunt_vaults_hallway_long,
          grunt_vaults_diagonal, layout_vaults_big_room, serial_shops,
          shop_fountains, uniq_bai_suzhen, uniq_saint_roka
Vaults:5: uniq_mennas, uniq_sojobo, uniq_mara

Skill      XL: |  1  2  3  4  5  6  7  8  9 10 11 12 13 14 15 16 17 18 19 20 21 22 |
---------------+-------------------------------------------------------------------+-----
Throwing       | 2 |  2.4
Fighting       | 3 4 5 7 9 10 12 13 15 16 17 18 19 20 22 23 24 25 | 25.1
Armour         | 1 2 3 4 6 8 10 11 13 14 15 16 17 18 | 18.6
Maces & Flails | 1 2 4 5 7 9 10 12 13 14 15 16 17 18 19 20 21 | 21.2
Shields        | 3 6 9 11 12 14 15 16 17 19 | 19.0
Dodging        | 7 10 12 13 14 | 14.3
Staves         | |  3.7

Action                     |  1- 3 |  4- 6 |  7- 9 | 10-12 | 13-15 | 16-18 | 19-21 | 22-24 || total
---------------------------+-------+-------+-------+-------+-------+-------+-------+-------++-------
  Melee: Quarterstaff      |   117 |    31 |       |       |       |       |       |       ||   148
         Flail             |       |    82 |       |       |       |       |       |       ||    82
         Punch             |       |     2 |     4 |    12 |     4 |       |       |       ||    22
         Whip              |       |    17 |   456 |   722 |  1789 |   362 |       |       ||  3346
         Demon whip        |       |       |       |       |       |  1623 |  1398 |   353 ||  3374
 Invoke: Berserk           |       |       |     3 |    18 |    18 |    22 |    11 |     3 ||    75
         Trog's Hand       |       |       |       |     4 |     3 |     6 |     6 |     1 ||    20
         Brothers in Arms  |       |       |       |       |       |     2 |       |     1 ||     3
  Evoke: Wand              |       |       |     2 |     1 |       |       |       |       ||     3
         Sack of spiders   |       |       |       |       |       |       |       |     1 ||     1
         Phantom mirror    |       |       |       |       |       |       |       |     1 ||     1
    Use: Scroll            |       |       |       |     7 |     7 |    26 |     9 |     4 ||    53
         Potion            |       |       |       |     4 |     2 |     1 |    12 |       ||    19
   Stab: Distracted        |       |       |     5 |    13 |    20 |     9 |    20 |     8 ||    75
         Paralysed         |       |       |     4 |       |       |       |       |       ||     4
 Armour: Leather armour    |     7 |       |       |       |       |       |       |       ||     7
         Ring mail         |    72 |     5 |       |       |       |       |       |       ||    77
         Plate armour      |       |   144 |   384 |   494 |       |       |       |    60 ||  1082
         Scale mail        |       |       |       |   111 |  1097 |   889 |       |       ||  2097
         Crystal plate arm |       |       |       |       |       |   290 |   800 |   164 ||  1254
  Dodge: Dodged            |    88 |    40 |   158 |   246 |   534 |   446 |   290 |    85 ||  1887
  Block: Kite shield       |       |       |       |       |   642 |   421 |       |       ||  1063
         Tower shield      |       |       |       |       |       |  1257 |  1577 |   453 ||  3287
         Reflection        |       |       |       |       |       |   116 |   104 |    61 ||   281
